 Seeded DCSS version 0.29.1-13-g9f3cf754e1 (webtiles) character file.

Game seed: 20230119 (custom seed)

2519 stormannn the Geomancer (level 9, -2/45 HPs)
             Began as a Gargoyle Earth Elementalist on Jan 19, 2023.
             Was a Follower of Vehumet.
             Slain by a two-headed ogre
             ... wielding a +0 giant club
              (3 damage)
             ... on level 8 of the Dungeon.
             The game lasted 00:15:36 (7684 turns).

stormannn the Geomancer (GrEE)                      Turns: 7684, Time: 00:15:36

Health: -2/45      AC: 11    Str: 12    XL:     9   Next: 54%
Magic:  4/15       EV: 14    Int: 20    God:    Vehumet [*.....]
Gold:   282        SH:  0    Dex: 10    Spells: 12/16 levels left

rFire   . . .      SeeInvis .   x - +2 falchion of Peuk Kebla {holy, Will+}
rCold   + . .      Faith    .   (no shield)
rNeg    + . .      Spirit   .   c - +0 robe {rC+}
rPois   ∞          Reflect  .   q - +2 helmet
rElec   +          Harm     .   (no cloak)
rCorr   +          Rampage  .   (no gloves)
Will    +....                   (no boots)
Stlth   ++........              (no amulet)
HPRegen 0.15/turn               p - ring of resist corrosion
MPRegen 0.14/turn               (no ring)

@: no status effects
A: sickness immunity, AC +6, negative energy resistance 1, electricity
resistance, torment resistance 1, petrification resistance
a: Renounce Religion


You were on level 8 of the Dungeon.
You worshipped Vehumet.
Vehumet was aware of your devotion.
You visited 2 branches of the dungeon, and saw 9 of its levels.

You collected 347 gold pieces.
You spent 65 gold pieces at shops.

Inventory:

Hand Weapons
 x - the +2 falchion of Peuk Kebla (weapon) {holy, Will+}
   (You found it on level 5 of the Dungeon)

   It has been blessed by the Shining One to cause great damage to the undead
   and demons.
   Will:      It increases your willpower.
Missiles
 n - 11 stones
 w - 25 poisoned darts (quivered)
 y - 2 throwing nets
Armour
 c - a +0 robe of cold resistance (worn)
 q - a +2 helmet (worn)
Jewellery
 p - a ring of resist corrosion (left hand)
Wands
 o - a wand of flame (20)
Scrolls
 d - a scroll of summoning
 h - 4 scrolls of teleportation
 s - a scroll of enchant weapon
Potions
 b - 2 potions of magic
 e - a potion of haste
 f - 2 potions of lignification
 g - 2 potions of berserk rage
 i - 6 potions of curing
 k - a potion of flight
 l - 2 potions of degeneration
 m - 4 potions of heal wounds
 t - a potion of brilliance
 u - a potion of attraction
 v - a potion of mutation {unknown}


   Skills:
 - Level 8.0 Dodging
 - Level 2.1 Stealth
 + Level 4.3 Spellcasting
 - Level 4.0 Conjurations
 - Level 0.7 Transmutations
 + Level 8.3 Earth Magic


You had 12 spell levels left.
You knew the following spells:

 Your Spells              Type           Power      Damage    Failure   Level
a - Sandblast             Erth           74%        2d16      1%          1
b - Stone Arrow           Conj/Erth      58%        3d10      3%          3

Your spell library contained the following spells:

 Spells                   Type           Power      Damage    Failure   Level
 Foxfire                  Conj/Fire      48%        2x1d6     5%          1
 Passwall                 Tmut/Erth      18%        N/A       3%          2
 Poisonous Vapours        Pois/Air       8%         N/A       19%         2
 Scorch                   Fire           8%         2d5       19%         2
 Petrify                  Tmut/Erth      22%        N/A       19%         4
 Gell's Gravitas          Tloc           4%         N/A       36%         3
 Portal Projectile        Hex/Tloc       8%         N/A       36%         3
 Teleport Other           Tloc           4%         N/A       36%         3
 Tukima's Dance           Hex            4%         N/A       36%         3
 Flame Wave               Conj/Fire      12%        2d6       47%         4
 Corpse Rot               Necr/Pois/Air  4%         N/A       77%         4
 Blade Hands              Tmut           3%         N/A       95%         5
 Dispersal                Tloc           2%         N/A       100%        6
 Summon Cactus Giant      Summ           2%         N/A       100%        6


Dungeon Overview and Level Annotations

Branches:
Dungeon (8/15)             Temple (1/1) D:5
   Lair: D:8-11

Altars:
Ashenzari
Cheibriados
Dithmenos
Elyvilon
Fedhas
Gozag
Hepliaklqana
Kikubaaqudgha
Nemelex Xobeh
Okawaru
Qazlal
Ru
Sif Muna
Trog
Uskayaw
Vehumet
Xom
Yredelemnul
Zin
The Shining One

Shops:
D:4 ([!*[


Innate Abilities, Weirdness & Mutations

You are immune to sickness and miasma.
Your stone body is resilient. (AC +6)
You are immune to poison.
You resist negative energy. (rN+)
You are resistant to electric shocks. (rElec)
You are resistant to unholy torment.
You are immune to petrification.


Message History

Aiming: Stone Arrow (dangerous; 3% risk of failure)
Press: ? - help, Shift-Dir - straight line, f/p - two-headed ogre
Aim: a two-headed ogre, wielding two +0 giant clubs (moderately wounded, 86% to hit)
The stone arrow hits the two-headed ogre!
The two-headed ogre is heavily wounded.
Casting: Stone Arrow (dangerous; 3% risk of failure)
Confirm with . or Enter, or press ? or * to list all spells.
Aiming: Stone Arrow (dangerous; 3% risk of failure)
Press: ? - help, Shift-Dir - straight line, f/p - two-headed ogre
Aim: a two-headed ogre, wielding two +0 giant clubs (heavily wounded, 86% to hit)
The stone arrow hits the two-headed ogre.
The two-headed ogre is heavily wounded.
Casting: Stone Arrow (dangerous; 3% risk of failure)
Confirm with . or Enter, or press ? or * to list all spells.
Aiming: Sandblast (safe; 1% risk of failure)
Press: ? - help, Shift-Dir - straight line, f/p - two-headed ogre
Aim: a two-headed ogre, wielding two +0 giant clubs (heavily wounded, 92% to hit)
The blast of sand hits the two-headed ogre but does no damage.
The two-headed ogre is heavily wounded.
The two-headed ogre closely misses you. x2
Casting: Sandblast (safe; 1% risk of failure)
Confirm with . or Enter, or press ? or * to list all spells.
Aiming: Sandblast (safe; 1% risk of failure)
Press: ? - help, Shift-Dir - straight line, f/p - two-headed ogre
Aim: a two-headed ogre, wielding two +0 giant clubs (heavily wounded, 92% to hit)
The blast of sand hits the two-headed ogre!
The two-headed ogre is almost dead.
The two-headed ogre hits you with a +0 giant club!!
The two-headed ogre misses you.
Casting: Sandblast (safe; 1% risk of failure)
Confirm with . or Enter, or press ? or * to list all spells.
Aiming: Sandblast (safe; 1% risk of failure)
Press: ? - help, Shift-Dir - straight line, f/p - two-headed ogre
Aim: a two-headed ogre, wielding two +0 giant clubs (almost dead, 92% to hit)
The blast of sand misses the two-headed ogre.
The two-headed ogre hits you with a +0 giant club!!
Ouch! That really hurt!
* * * LOW HITPOINT WARNING * * *
The two-headed ogre hits you with a +0 giant club.
You die...

##.##......
...#......##
...........#
...........
..........
.........##
......$O..#
.......@.#
#.###...##
#.... #.....
#......
......##
.......#
##......#


You could see a two-headed ogre.

Vanquished Creatures
  Sigmund (D:3)
  A steam dragon (D:7)
  2 water moccasins
  An ice beast (D:7)
  An orc warrior (D:5)
  A black bear (D:4)
  2 ogres
  3 centaurs
  2 kobold brigands
  2 bullfrogs
  A necrophage (D:5)
  5 scorpions
  2 howler monkeys (D:6)
  2 jellies
  A gnoll bouda (D:5)
  2 hounds (D:5)
  4 iguanas
  3 orc wizards
  11 gnolls
  10 adders
  2 white imps
  2 worms
  14 orcs
  4 endoplasms
  6 giant cockroaches
  4 goblins
  A hobgoblin (D:1)
  4 jackals (D:2)
  4 quokkas
  11 ball pythons
  4 bats
  2 frilled lizards (D:1)
  16 kobolds
  3 rats
134 creatures vanquished.

Notes
Turn   | Place    | Note
-------+----------+-------------------------------------------
     0 | D:1      | stormannn the Gargoyle Earth Elementalist began the quest
                  | for the Orb.
     0 | D:1      | Reached XP level 1. HP: 10/10 MP: 3/3
   123 | D:1      | Reached XP level 2. HP: 7/15 MP: 0/5
  1060 | D:2      | Reached XP level 3. HP: 19/19 MP: 4/6
  1381 | D:2      | Found a faded altar of an unknown god.
  1637 | D:3      | Noticed Sigmund
  1643 | D:3      | Killed Sigmund
  1644 | D:3      | Reached skill level 5 in Earth Magic
  1644 | D:3      | Reached XP level 4. HP: 15/24 MP: 0/7
  1644 | D:3      | Reached XP level 5. HP: 18/28 MP: 0/8
  2368 | D:3      | Reached XP level 6. HP: 32/32 MP: 6/9
  3095 | D:4      | Noticed a black bear
  3103 | D:4      | Killed a black bear
  3229 | D:4      | Found a shimmering altar of Xom.
  3230 | D:4      | Found a shimmering altar of Xom.
  3231 | D:4      | Found a shimmering altar of Xom.
  3232 | D:4      | Found a shimmering altar of Xom.
  3257 | D:4      | Found Xaownyc's Weapon Shop.
  3258 | D:4      | Found Voc Rew's Distillery.
  3259 | D:4      | Found Nazitol's Antique Armour Shoppe.
  3260 | D:4      | Found Untunaub's Antique Armour Shoppe.
  3260 | D:4      | Found Otroywou's Assorted Antiques.
  3448 | D:4      | Bought a potion of heal wounds for 65 gold pieces
  3885 | D:4      | Reached skill level 5 in Dodging
  3885 | D:4      | Reached XP level 7. HP: 36/36 MP: 8/10
  4217 | D:5      | Entered Level 5 of the Dungeon
  4321 | D:5      | Identified the +2 falchion of Peuk Kebla {holy, Will+}
  4416 | D:5      | Found a staircase to the Ecumenical Temple.
  4503 | D:5      | Reached skill level 1 in Conjurations
  4554 | Temple   | Entered the Ecumenical Temple
  4658 | Temple   | Became a worshipper of Vehumet
  4938 | D:5      | Reached XP level 8. HP: 28/41 MP: 8/12
  5409 | D:5      | Learned a level 3 spell: Stone Arrow
  5801 | D:6      | Found a sacrificial altar of Ru.
  5951 | D:6      | Reached XP level 9. HP: 45/45 MP: 10/15
  6089 | D:6      | Found a snail-covered altar of Cheibriados.
  6305 | D:6      | Reached * piety under Vehumet
  6305 | D:6      | Offered knowledge of Foxfire by Vehumet.
  7678 | D:8      | Noticed a two-headed ogre
  7684 | D:8      | HP: 1/45 [two-headed ogre/+0 giant club (26)]
  7684 | D:8      | Slain by a two-headed ogre

Illustrated notes

Levels and vault maps discovered:
D:1:      lemuel_arrival_behind_the_door_small, layout_loops_cross
D:2:      layout_basic, dreamdust_ecumenical_altar_angels_and_demons
D:3:      layout_basic, uniq_sigmund
D:4:      layout_rooms, xom_redecorated, nicolae_wooded_promenade,
          minmay_door_square, grunt_decor_mini_mirrors, minmay_curled_crystal,
          minmay_snake_closets
D:5:      minmay_general_purpose_star, layout_rooms, minmay_temple_entry_ruins
D:6:      layout_loops_cross, cheibrodos_worm_habitat, old_standard_altar
D:7:      layout_cave_pods
D:8:      layout_cave_pools, general_overflow_altar, enter_bailey_5,
          serial_bayou, serial_bayou_lake_a, serial_bayou_pond_b,
          serial_bayou_crossing, serial_bayou_shore_b, serial_shops,
          nicolae_shop_trees, kennysheep_generic_room_14
Temple:   minmay_temple_bridge_d

Skill      XL: |  1  2  3  4  5  6  7  8  9 |
---------------+----------------------------+-----
Dodging        | 2 4 5 6 8 |  8.0
Earth Magic    | 4 5 6 7 8 |  8.3
Conjurations   | 2 4 |  4.0
Spellcasting   | 4 |  4.3
Stealth        | |  2.1
Transmutations | |  0.7

Action                   |  1- 3 |  4- 6 |  7- 9 || total
-------------------------+-------+-------+-------++-------
Melee: Dagger            |     7 |       |       ||     7
       Unarmed           |     5 |       |       ||     5
       Short sword       |     1 |       |       ||     1
       Halberd           |       |     1 |       ||     1
       Falchion          |       |       |     8 ||     8
Throw: Dart              |       |       |     2 ||     2
 Cast: Sandblast         |    50 |    28 |   170 ||   248
       Stone Arrow       |       |       |     3 ||     3
Evoke: Wand              |       |     9 |    16 ||    25
  Use: Scroll            |       |     5 |    15 ||    20
       Potion            |       |       |     1 ||     1
 Stab: Sleeping          |     1 |     1 |       ||     2
Armor: Robe              |     4 |     2 |    43 ||    49
Dodge: Dodged            |    15 |     3 |   106 ||   124
